 Dungeon Crawl Stone Soup version 0.27-a0-1154-gfdeffcb720 (webtiles) character file.

Game seed: 5265655659973290188

715440 Delamore the Hoplite (level 27, -3/193 HPs)
             Began as a Gargoyle Fighter on May 14, 2021.
             Was a High Priest of Qazlal.
             Killed by a mummy priest's death curse (16 damage)
             ... on level 23 of a ziggurat.
             The game lasted 02:46:17 (61582 turns).

Delamore the Hoplite (Gargoyle Fighter)            Turns: 61582, Time: 02:46:18

Health: -3/193     AC: 66    Str: 40      XL:     27
Magic:  32/41      EV: 10    Int: 12 (14) God:    Qazlal [*****.]
Gold:   4328       SH: 48    Dex: 14      Spells: 44/54 levels left

rFire    + + +     SeeInvis +   w - +9 eveningstar (freeze)
rCold    + + +     Faith    .   b - +8 tower shield {rC+}
rNeg     + + +     Spirit   .   e - +12 gold dragon scales
rPois    ∞         Reflect  +   M - +1 hat {Int+3}
rElec    +         Harm     .   S - +1 cloak of the Other Side {rC+ rCorr Int-2 Dex+5}
rCorr    +         Rampage  .   O - +1 pair of gloves of the Mantidfly {rF+ Regen+}
Will     +++..                  q - +1 pair of boots of Weirdness {rPois rF+ Will+ Dex+3}
Stlth    ..........             n - amulet "Fup Voc" {Reflect rC+ SH+5 SInv}
HPRegen  1.42/turn              p - ring of Curiosity {rElec rF++ Str+6 Slay+6 Stlth-}
MPRegen  0.27/turn              u - ring of Jaarenot {rElec rPois rN+++ Str+6 Dex-4}

@: flying, slowed, studying 5 skills, repel missiles, very slow
A: sickness immunity, AC +20, big wings, negative energy resistance 1,
electricity resistance, torment resistance 1, petrification resistance,
iridescent scales 1, subdued magic 1
}: 3/15 runes: decaying, silver, gossamer
a: Renounce Religion, Upheaval, Elemental Force, Disaster Area


You were on level 23 of a ziggurat.
You worshipped Qazlal.
Qazlal was extremely pleased with you.
You visited 9 branches of the dungeon, and saw 45 of its levels.
You visited the Abyss 1 time.
You visited 1 ziggurat, and saw 23 of its levels.
You also visited: Trove, Sewer and Volcano.

You collected 9518 gold pieces.
You spent 5190 gold pieces at shops.

Inventory:

Hand Weapons
 w - a +9 eveningstar of freezing (weapon)
 F - the +9 eveningstar of a treasure trove {antimagic, rN+ Str-5 Int+5 Dex+4}
   (You found it on level 20 of a ziggurat)

   It reduces the magical energy of the wielder, and disrupts the spells and
   magical abilities of those hit.
   Natural abilities and divine invocations are not affected.
   It affects your strength (-5).
   It affects your intelligence (+5).
   It affects your dexterity (+4).
   It protects you from negative energy.
Missiles
 c - 10 atropa-tipped darts
 i - 2 curare-tipped darts
 k - 6 boomerangs of dispersal
 v - 13 silver javelins (quivered)
 T - 4 throwing nets
 Z - 9 javelins
Armour
 b - a +8 tower shield of cold resistance (worn)
 e - +12 gold dragon scales (worn)
 q - the +1 pair of boots of Weirdness (worn) {rPois rF+ Will+ Dex+3}
   (You found it on level 16 of a ziggurat)

   It affects your dexterity (+3).
   It protects you from fire.
   It protects you from poison.
   It increases your willpower.
 E - the +2 pair of boots of the Stone Wall {rPois Regen+ Int+3 Dex-2}
   (You bought it in a shop on level 2 of the Orcish Mines)

   It affects your intelligence (+3).
   It affects your dexterity (-2).
   It protects you from poison.
   It increases your rate of health regeneration.
 M - a +1 hat of intelligence (worn)
 O - the +1 pair of gloves of the Mantidfly (worn) {rF+ Regen+}
   (You found it on level 5 of the Vaults)

   It protects you from fire.
   It increases your rate of health regeneration.
 S - the +1 cloak of the Other Side (worn) {rC+ rCorr Int-2 Dex+5}
   (You bought it in a shop on level 2 of the Orcish Mines)

   It affects your intelligence (-2).
   It affects your dexterity (+5).
   It protects you from cold.
   It protects you from acid and corrosion.
Jewellery
 g - the ring "Mosy" {Wiz Will+}
   (You bought it in a shop on level 3 of the Elven Halls)

   [ring of wizardry]

   It improves your spell success rate.
   It increases your willpower.
 n - the amulet "Fup Voc" (around neck) {Reflect rC+ SH+5 SInv}
   (You found it on level 21 of a ziggurat)

   [amulet of reflection]

   It reflects blocked missile attacks.
   It protects you from cold.
   It lets you see invisible.
   It affects your SH (+5).
 p - the ring of Curiosity (left hand) {rElec rF++ Str+6 Slay+6 Stlth-}
   (You found it in a treasure trove)

   [ring of strength]

   It affects your strength (+6).
   It affects your accuracy and damage with ranged weapons and melee attacks
   (+6).
   It greatly protects you from fire.
   It insulates you from electricity.
   It makes you less stealthy.
 u - the ring of Jaarenot (right hand) {rElec rPois rN+++ Str+6 Dex-4}
   (You found it on level 20 of a ziggurat)

   [ring of strength]

   It affects your strength (+6).
   It affects your dexterity (-4).
   It insulates you from electricity.
   It protects you from poison.
   It renders you almost immune to negative energy.
Wands
 B - a wand of flame (153)
 C - a wand of mindburst (49)
 N - a wand of digging (4)
 Q - a wand of iceblast (52)
 X - a wand of acid (46)
Scrolls
 o - 20 scrolls of magic mapping
 r - 12 scrolls of fog
 t - 12 scrolls of enchant weapon
 x - 5 scrolls of immolation
 y - 3 scrolls of silence
 z - 28 scrolls of teleportation
 D - 14 scrolls of fear
 G - 8 scrolls of blinking
 H - 3 scrolls of enchant armour
 U - 5 scrolls of brand weapon
 W - 68 scrolls of identify
 Y - 4 scrolls of summoning
Potions
 a - 8 potions of ambrosia
 d - 5 potions of might
 h - 16 potions of haste
 l - 3 potions of curing
 m - a potion of cancellation
 s - 5 potions of invisibility
 A - 17 potions of mutation
 L - 11 potions of attraction
 R - 6 potions of resistance
 V - 3 potions of berserk rage
Miscellaneous
 f - a condenser vane
 j - a phantom mirror


   Skills:
 - Level 25.0 Fighting
 - Level 17.0 Maces & Flails
 - Level 20.0 Throwing
 - Level 18.1 Armour
 - Level 4.0 Dodging
 - Level 1.4 Stealth
 - Level 25.0 Shields
 - Level 0.1 Unarmed Combat
 + Level 14.4 Spellcasting
 - Level 10.0 Necromancy
 - Level 10.0 Translocations
 - Level 25.0 Invocations


You had 44 spell levels left.
You knew the following spells:

 Your Spells              Type           Power      Damage    Failure   Level
a - Blink                 Tloc           N/A        N/A       1%          2
b - Borgnjor's Vile Clut  Necr/Erth      7%         N/A       85%         5
c - Lesser Beckoning      Tloc           12%        N/A       1%          3

Your spell library contained the following spells:

 Spells                   Type           Power      Damage    Failure   Level
 Animate Skeleton         Necr           50%        N/A       1%          1
 Apportation              Tloc           50%        N/A       1%          1
 Pain                     Necr           100%       1d9       1%          1
 Gell's Gravitas          Tloc           12%        N/A       1%          3
 Teleport Other           Tloc           25%        N/A       1%          3
 Vampiric Draining        Necr           12%        2d7       1%          3
 Animate Dead             Necr           12%        N/A       7%          4
 Passage of Golubria      Tloc           N/A        N/A       7%          4
 Corpse Rot               Necr/Air       N/A        N/A       8%          2
 Portal Projectile        Hex/Tloc       30%        N/A       16%         3
 Agony                    Necr           25%        N/A       19%         5
 Excruciating Wounds      Necr           12%        N/A       19%         5
 Manifold Assault         Tloc           25%        N/A       19%         5
 Beastly Appendage        Tmut           12%        N/A       41%         1
 Corona                   Hex            6%         N/A       41%         1
 Foxfire                  Conj/Fire      24%        2x1d5     41%         1
 Freeze                   Ice            24%        1d5       41%         1
 Magic Dart               Conj           24%        1d4       41%         1
 Sandblast                Erth           12%        2d6       41%         1
 Shock                    Conj/Air       24%        1d4       41%         1
 Sting                    Tmut/Pois      24%        1d4       41%         1
 Summon Small Mammal      Summ           24%        N/A       41%         1
 Iskenderun's Mystic Bla  Conj/Tloc      15%        2d5       50%         4
 Call Imp                 Summ           6%         N/A       54%         2
 Ensorcelled Hibernation  Hex/Ice        12%        N/A       54%         2
 Passwall                 Tmut/Erth      5%         N/A       54%         2
 Poisonous Vapours        Pois/Air       12%        N/A       54%         2
 Searing Ray              Conj           12%        3d3       54%         2
 Slow                     Hex            6%         N/A       54%         2
 Static Discharge         Conj/Air       6%         N/A       54%         2
 Wereblood                Tmut           6%         N/A       54%         2
 Death Channel            Necr           12%        N/A       73%         6
 Dispersal                Tloc           12%        N/A       73%         6
 Call Canine Familiar     Summ           6%         N/A       80%         3
 Conjure Flame            Conj/Fire      6%         6-21      80%         3
 Dazzling Flash           Conj/Hex       12%        N/A       80%         3
 Frozen Ramparts          Ice            12%        1d3       80%         3
 Ignite Poison            Fire/Tmut/Pois 6%         N/A       80%         3
 Inner Flame              Hex/Fire       6%         N/A       80%         3
 Mephitic Cloud           Conj/Pois/Air  6%         N/A       80%         3
 Ozocubu's Armour         Ice            6%         N/A       80%         3
 Spider Form              Tmut/Pois      3%         N/A       80%         3
 Stone Arrow              Conj/Erth      12%        3d7       80%         3
 Summon Guardian Golem    Hex/Summ       6%         N/A       80%         3
 Swiftness                Air            6%         N/A       80%         3
 Tukima's Dance           Hex            6%         N/A       80%         3
 Summon Forest            Summ/Tloc      7%         N/A       85%         5
 Airstrike                Air            3%         N/A       99%         4
 Animate Armour           Summ/Erth      12%        N/A       99%         4
 Cause Fear               Hex            3%         N/A       99%         4
 Fulminant Prism          Conj/Hex       3%         3d6       99%         4
 Hailstorm                Conj/Ice       6%         3d4       99%         4
 Ice Form                 Ice/Tmut       6%         N/A       99%         4
 Leda's Liquefaction      Hex/Erth       3%         N/A       99%         4
 Olgreb's Toxic Radiance  Pois           6%         N/A       99%         4
 Petrify                  Tmut/Erth      6%         N/A       99%         4
 Sticky Flame             Conj/Fire      6%         2d3       99%         4
 Summon Ice Beast         Ice/Summ       6%         N/A       99%         4
 Summon Lightning Spire   Summ/Air       6%         N/A       99%         4
 Alistair's Intoxication  Tmut/Pois      4%         N/A       100%        5
 Bolt of Magma            Conj/Fire/Erth 3%         4d5       100%        5
 Fireball                 Conj/Fire      3%         3d4       100%        5
 Hydra Form               Tmut           3%         N/A       100%        5
 Irradiate                Conj/Tmut      3%         3d15      100%        5
 Lee's Rapid Deconstruct  Erth           3%         3d6*      100%        5
 Lightning Bolt           Conj/Air       3%         1d14      100%        5
 Metabolic Englaciation   Hex/Ice        3%         N/A       100%        5
 Silence                  Hex/Air        3%         N/A       100%        5
 Summon Mana Viper        Hex/Summ       6%         N/A       100%        5
 Yara's Violent Unravell  Hex/Tmut       3%         3d4       100%        5
 Blade Hands              Tmut           3%         N/A       100%        6
 Conjure Ball Lightning   Conj/Air       3%         3x3d6     100%        6
 Eringya's Noxious Bog    Tmut/Pois      3%         N/A       100%        6
 Freezing Cloud           Conj/Ice/Air   3%         6-21      100%        6
 Invisibility             Hex            6%         N/A       100%        6
 Iron Shot                Conj/Erth      3%         9d2       100%        6
 Shadow Creatures         Summ           N/A        N/A       100%        6
 Simulacrum               Ice/Necr       7%         N/A       100%        6
 Starburst                Conj/Fire      3%         8x6d3     100%        6
 Dragon Form              Tmut           3%         N/A       100%        7
 Haunt                    Necr/Summ      7%         N/A       100%        7
 Malign Gateway           Summ/Tloc      7%         N/A       100%        7
 Monstrous Menagerie      Summ           3%         N/A       100%        7
 Ozocubu's Refrigeration  Ice            3%         4d5       100%        7
 Spellforged Servitor     Conj/Summ      3%         N/A       100%        7
 Summon Hydra             Summ           3%         N/A       100%        7
 Discord                  Hex            3%         N/A       100%        8
 Disjunction              Tloc           12%        N/A       100%        8
 Ignition                 Fire           3%         3d4       100%        8
 Summon Horrible Things   Summ           3%         N/A       100%        8
 Shatter                  Erth           3%         3d7*      100%        9
 Tornado                  Air            3%         N/A       100%        9
 Sublimation of Blood     Necr           Unusable   N/A       N/A         2
 Statue Form              Tmut/Erth      Unusable   N/A       N/A         6

Dungeon Overview and Level Annotations

Branches:
Dungeon (15/15)            Temple (1/1) D:5            Lair (6/6) D:9
  Swamp (4/4) Lair:2       Spider (4/4) Lair:4        Slime (0/5) Lair:6
    Orc (2/2) D:10            Elf (3/3) Orc:2        Vaults (5/5) D:14
  Crypt (0/3) Vaults:3     Depths (5/5) D:15            Zot (0/5) Depths:5
  Sewer (visited)         Volcano (visited)

Altars:
Ashenzari
Cheibriados
Dithmenos
Elyvilon
Fedhas
Gozag
Hepliaklqana
Kikubaaqudgha
Makhleb
Nemelex Xobeh
Okawaru
Qazlal
Ru
Sif Muna
Trog
Uskayaw
Vehumet
Wu Jian
Xom
Yredelemnul
Zin
The Shining One
Jiyva

Shops:
D:3 :   D:7 *   Orc:2 !:[:[   Elf:2 :   Elf:3 *[[:*[   Vaults:2 ?:(=
Vaults:5 [

Portals:
Hell: Depths:1 Depths:2 Depths:3 Depths:4 Depths:5
Abyss: Depths:4
Pandemonium: Depths:3 Depths:4

Annotations:
Lair:5 exclusion: oklob plant


Innate Abilities, Weirdness & Mutations

You are immune to sickness and miasma.
Your stone body is resilient. (AC +20)
You are immune to poison.
Your large and strong wings let you fly.
You resist negative energy. (rN+)
You are resistant to electric shocks. (rElec)
You are resistant to unholy torment.
You are immune to petrification.
You are partially covered in iridescent scales. (AC +2)
Your spells are a little easier to cast, but a little less powerful.


Message History

The blast of ice hits the royal mummy!!!
The royal mummy partially resists.
The royal mummy is severely damaged.
The royal mummy is flash-frozen.
The blast of magma engulfs the ushabti!!
The ushabti partially resists.
The ushabti is severely damaged.
The blast of magma engulfs the guardian mummy!!!
You destroy the guardian mummy!
Qazlal accepts your kill.
You feel extremely nervous for a moment...
Your body is wracked with pain!
* * * LOW HITPOINT WARNING * * *
The blast of magma engulfs the guardian mummy!!
The guardian mummy is heavily damaged.
The blast of magma engulfs the rust devil!!
The rust devil partially resists.
You kill the rust devil!
Qazlal accepts your kill.
You feel a bit more experienced.
The blast of rubble hits the emperor scorpion!
The emperor scorpion is almost dead.
The blast of rubble hits the mummy priest!!
The mummy priest is heavily damaged.
The blast of rubble hits the golden dragon zombie!!
The golden dragon zombie is lightly damaged.
The blast of rubble hits the royal mummy!
The royal mummy is severely damaged.
The blast of rubble hits the ushabti!!!
You destroy the ushabti!
Qazlal accepts your kill.
The blast of rubble hits the emperor scorpion!!
You kill the emperor scorpion!
The emperor scorpion's corpse disappears in a puff of smoke!
The blast of rubble hits the mummy priest!!!
You destroy the mummy priest!
Qazlal accepts your kill.
You feel extremely nervous for a moment...
Pain shoots through your body!
You die...

▓≈...≈...
▓▓...≈....
▓≈.....≈..
▓§........
▓§§M.≈M...
▓§§§§..≈..
▓▓BB§§.≈(..
▓@M§.§§§8..
▓▓BZMs§.M..
▓B○§M≈....
▓....≈8≈..
▓..≈.≈....
▓......≈..
▓▓........
▓........


You could see 3 royal mummies, an emperor scorpion (summoned), 2 mummy priests,
a guardian mummy, 2 ushabtiu, 4 death scarabs and a golden dragon zombie.

Vanquished Creatures
  2 dread liches
  5 ancient liches
  Mara (Vaults:5)
  3 juggernauts
  18 royal mummies
  Bai Suzhen (Swamp:4)
  Sojobo (Depths:3)
  Boris (Depths:4)
  2 Killer Klowns (Zig:4)
  Margery (Vaults:2)
  A curse toe (Zig:10)
  A caustic shrike (Depths:4)
  Xtahua (Vaults:5)
  The ghost of Comu the Fencer, a veteran GnWn of Qazlal (Depths:5)
  Nikola (Spider:1)
  3 golden dragons (Depths:4)
  2 profane servitors (Zig:17)
  the Enchantress (Depths:3)
  A doom hound (Zig:19)
  3 bone dragons
  Arachne (Spider:4)
  An electric golem (Zig:14)
  Rupert (Orc:2)
  13 tentacled monstrosities
  2 Hell Sentinels
  8 liches
  2 quicksilver dragons
  2 deep elf master archers (Elf:3)
  11 titans
  4 ancient champions (Zig:17)
  4 thorn hunters
  12 sphinxes
  2 deep elf blademasters
  3 tentacled starspawn
  The ghost of Mandevil the Severer, an adept DsBe of Trog (Swamp:1)
  5 storm dragons
  Gastronok (Lair:1)
  Roxanne (Spider:4)
  A draconian monk (Zig:3)
  17 tengu reavers
  6 revenants
  2 fenstrider witches (Zig:22)
  7 nagarajas
  4 shadow dragons
  14 deep elf sorcerers
  Aizul (Elf:3)
  13 fire giants
  An iron dragon (Depths:4)
  3 orc warlords
  26 ghost moths
  2 cacodemons
  2 caustic shrike zombies (Zig:19)
  17 emperor scorpions
  3 deep elf elementalists (Elf:3)
  A draconian stormcaller (Zig:3)
  14 frost giants
  2 draconian annihilators
  5 curse skulls (Zig:17)
  15 vault wardens
  Louise (Spider:1)
  26 stone giants
  17 ironbound preservers
  2 ghouls (Zig:12)
  10 reapers
  A caustic shrike skeleton (Zig:20)
  2 juggernaut skeletons (Zig:19)
  5 spriggan defenders
  18 very ugly things
  8 bennus
  A draconian shifter (Depths:5)
  8 vampire knights
  11 deep elf demonologists
  2 white draconians (Depths:5)
  10 spark wasps
  A spark wasp (shapeshifter) (Zig:7)
  16 deep elf annihilators
  3 dire elephants
  27 entropy weavers
  Snorg (D:12)
  2 yellow draconians
  9 eidola
  3 red draconians (Depths:5)
  5 bunyips
  22 ettins
  7 eleionomae
  6 deep elf death magi
  A blizzard demon (Depths:5)
  3 jiangshi
  2 shambling mangroves
  9 deep elf high priests
  A merfolk impaler (Depths:3)
  Josephine (D:12)
  A quicksilver dragon skeleton (Zig:19)
  17 fire dragons
  13 yaktaur captains
  Fannar (D:12)
  9 mummy priests
  28 hydras
  A hell beast (Zig:4)
  7 rakshasas
  13 great orbs of eyes
  A juggernaut simulacrum (Zig:18)
  14 ice dragons
  28 vault guards
  A salamander tyrant (Zig:9)
  An ice dragon (shapeshifter) (Depths:4)
  13 boulder beetles
  3 death knights
  5 ironbound frosthearts
  14 spriggan air magi
  An anaconda (Zig:22)
  5 ironbound thunderhulks
  A two-headed ogre (shapeshifter) (Elf:2)
  4 ghost crabs
  22 dancing weapons
  21 two-headed ogres
  17 death yaks
  A merfolk aquamancer (Zig:22)
  7 centaur warriors
  2 catoblepae (Lair:6)
  4 ogre magi
  2 satyrs (Depths:3)
  5 death scarabs
  14 alligators
  10 tengu warriors
  7 vampire magi
  A hell hog (Zig:18)
  9 deep troll earth magi
  4 alligator snapping turtles (Zig:22)
  13 spriggan berserkers
  A thrashing horror (Zig:18)
  9 deep troll shamans
  5 orc high priests (Orc:2)
  6 ironbound beastmasters
  2 sun demons (Depths:5)
  A naga sharpshooter (Zig:9)
  7 shock serpents
  2 iron trolls (Depths:2)
  22 deep elf knights
  4 soul eaters
  28 hell knights
  Sonja (Orc:2)
  A titan zombie (Zig:19)
  2 skeletal warriors
  Nergalle (D:10)
  4 wretched stars (Zig:18)
  3 goliath frogs
  4 shadow wraiths
  A storm dragon skeleton (Zig:20)
  4 shadow demons
  9 glowing orange brains
  A salamander mystic (Zig:9)
  A sixfirhy (Depths:3)
  9 swamp dragons
  A death drake (Zig:19)
  4 spriggan druids
  6 flayed ghosts
  A gelid demonspawn (Depths:3)
  A tengu zombie (Zig:23)
  44 deep trolls
  A swamp dragon (shapeshifter) (Zig:7)
  2 orange crystal statues (Zig:19)
  2 golden dragon zombies
  The ghost of Pagrax the Grappler, a novice TrFi of Ashenzari (D:8)
  4 bog bodies (Lair:2)
  9 lindwurms
  18 deep elf archers
  31 deep elf pyromancers
  A shadow dragon zombie (Zig:19)
  11 wizards
  12 large abominations
  23 ironbound convokers
  13 necromancers
  7 orc knights
  2 golden dragon skeletons
  7 phantasmal warriors
  A sphinx zombie (Zig:19)
  26 deep elf zephyrmancers
  52 wolf spiders
  40 orb spiders
  2 salamanders (Volcano)
  6 cyclopes
  A cyclops (shapeshifter) (Depths:3)
  5 fauns (Depths:3)
  An iron dragon zombie (Zig:20)
  8 orc sorcerers
  2 will-o-the-wisps
  57 ugly things
  2 worldbinders (Zig:18)
  4 manticores
  16 elephants
  A moth of wrath (shapeshifter) (Depths:5)
  A torpor snail (shapeshifter) (Depths:1)
  A rust devil (Depths:5)
  2 water nymphs (Depths:3)
  7 moths of wrath
  37 slime creatures
  Joseph (D:7)
  A black mamba (shapeshifter) (Zig:18)
  5 guardian serpents
  13 torpor snails
  2 ice statues (Zig:19)
  2 spriggan zombies
  2 apocalypse crabs
  23 vault sentinels
  A gargoyle (D:10)
  15 cane toads
  8 naga magi
  11 black mambas
  4 orange demons
  7 smoke demons
  A hellion (Zig:19)
  45 yaktaurs
  13 komodo dragons
  A komodo dragon (shapeshifter) (Zig:7)
  2 rime drakes
  2 efreet
  23 demonic crawlers
  A kobold demonologist (D:14)
  3 elf skeletons
  4 tormentors
  3 freezing wraiths
  8 tengu conjurers
  A queen bee (shapeshifter) (Depths:4)
  2 ice devils (Depths:5)
  35 guardian mummies
  A red devil (Depths:3)
  A hydra zombie (Abyss:3)
  A golden dragon simulacrum (Zig:23)
  2 hellwings
  A merfolk (Zig:22)
  A meliai (shapeshifter) (D:13)
  6 meliai (D:15)
  65 jumping spiders
  A bloated husk (Zig:22)
  3 ancient zymes
  12 tyrant leeches
  6 polar bears
  37 hornets
  6 trolls
  9 blink frogs
  7 raiju
  6 dream sheep
  12 flying skulls
  6 air elementals
  20 starcursed masses
  26 spriggans
  6 shadows
  9 wraiths
  A ynoxinul (Abyss:3)
  2 elf zombies
  45 tarantellas
  38 yaks
  87 redbacks
  2 tarantellas (shapeshifter)
  14 water elementals
  4 fire elementals
  A vampire (D:14)
  9 wyverns
  2 fire bats
  19 ushabtiu
  6 small abominations
  8 basilisks
  4 neqoxecs
  A steam dragon (D:9)
  12 vampire mosquitoes
  3 chaos spawn (Zig:18)
  Edmund (D:6)
  3 acid dragons
  17 swamp worms
  A naga (Zig:9)
  15 water moccasins
  Duvessa (D:7)
  7 hell hounds
  A floating eye (Depths:3)
  7 swamp drakes
  4 black bears
  3 sky beasts
  34 orc warriors
  2 ice beasts
  6 necrophages (Zig:19)
  14 ogres
  34 wolves
  4 boggarts (Lair:6)
  11 centaurs
  A centaur (shapeshifter) (D:13)
  6 kobold brigands
  A glowing shapeshifter simulacrum (Zig:18)
  10 bullfrogs
  3 earth elementals
  A gnoll sergeant (D:6)
  2 water moccasin zombies
  Dowan (D:7)
  5 scorpions
  5 killer bees (D:9)
  19 wights
  6 electric eels
  A howler monkey (D:5)
  5 crimson imps
  3 centaur zombies
  2 gnoll shamans
  2 hounds
  23 orc priests
  4 centaur skeletons
  Jessica (D:2)
  5 iguanas
  21 orc wizards
  9 hell rats
  A hound skeleton (D:5)
  32 mummies
  15 gnolls
  4 river rats (D:13)
  11 adders
  9 shadow imps
  2 white imps
  17 worms
  The ghost of tensugalgo the Sneak, a weakling FoDe (D:4)
  6 dart slugs
  73 orcs
  11 endoplasms
  3 giant cockroaches (D:6)
  7 hobgoblins
  12 jackals
  4 quokkas
  12 ball pythons
  2 bats (D:3)
  10 frilled lizards
  6 goblins
  25 kobolds
  12 rats
  2 briar patches (Swamp:4)
  A starspawn tentacle (Zig:18)
2762 creatures vanquished.

Vanquished Creatures (others)
  A fire giant (Vaults:5)
  A vault warden (Vaults:2)
  2 emperor scorpions
  A red draconian (Spider:2)
  An eleionoma (Zig:22)
  2 merfolk javelineers (Zig:22)
  2 hydras (Zig:12)
  A spriggan air mage (Zig:14)
  A merfolk aquamancer (Zig:22)
  A shock serpent (Zig:14)
  A spriggan (Swamp:4)
  3 orb spiders
  3 deep elf pyromancers
  2 will-o-the-wisps (Zig:12)
  A black mamba (Zig:9)
  3 guardian serpents (Zig:22)
  A hellwing (Spider:2)
  A demonic crawler (Zig:21)
  A bloated husk (Swamp:4)
  A tyrant leech (Zig:12)
  2 merfolk (Zig:22)
  2 hornets
  A wind drake (Zig:22)
  4 redbacks
  A tarantella (Zig:22)
  A yak (D:9)
  A naga (Zig:22)
  An orc warrior (Orc:1)
  A centaur (Zig:22)
  2 orcs
  2 briar patches (Swamp:4)
  13 foxfires
  26 fungi
  133 plants
  6 starspawn tentacles
226 creatures vanquished.

Grand Total: 2988 creatures vanquished

Notes
Turn   | Place    | Note
-------+----------+-------------------------------------------
     0 | D:1      | Delamore the Gargoyle Fighter began the quest for the Orb.
     0 | D:1      | Reached XP level 1. HP: 14/14 MP: 1/1
    99 | D:1      | Reached XP level 2. HP: 4/19 MP: 2/2
   766 | D:1      | Reached XP level 3. HP: 18/23 MP: 3/3
   853 | D:1      | Found a faded altar of an unknown god.
  1541 | D:2      | Reached XP level 4. HP: 26/29 MP: 4/4
  1721 | D:2      | Noticed Jessica
  1734 | D:2      | Killed Jessica
  2165 | D:3      | Reached XP level 5. HP: 20/33 MP: 5/5
  2704 | D:3      | Found Tenosal's Book Shoppe.
  3098 | D:4      | Found a shimmering altar of Xom.
  3120 | D:4      | Reached XP level 6. HP: 37/38 MP: 6/6
  3317 | D:4      | Found a runed translucent door.
  3321 | D:4      | Noticed tensugalgo's ghost (weakling FoDe)
  3501 | D:4      | Killed tensugalgo's ghost
  3604 | D:4      | Reached skill level 1 in Dodging
  3612 | D:4      | Reached skill level 5 in Shields
  3821 | D:4      | Reached XP level 7. HP: 37/44 MP: 7/7
  4110 | D:4      | Found a hide-covered altar of Uskayaw.
  4390 | D:5      | Entered Level 5 of the Dungeon
  4390 | D:5      | Found a glowing golden altar of the Shining One.
  4593 | D:5      | Reached skill level 5 in Maces & Flails
  4593 | D:5      | Reached skill level 5 in Armour
  4694 | D:5      | Found a staircase to the Ecumenical Temple.
  4817 | Temple   | Entered the Ecumenical Temple
  5010 | Temple   | Became a worshipper of Qazlal Stormbringer
  5275 | D:5      | Reached XP level 8. HP: 16/48 MP: 8/8
  5756 | D:5      | Reached skill level 5 in Fighting
  5991 | D:6      | Found a glowing drain.
  6075 | Sewer    | Entered a sewer
  6791 | D:6      | Noticed Edmund
  6821 | D:6      | Killed Edmund
  6938 | D:6      | Found a glowing silver altar of Zin.
  7351 | D:6      | Reached XP level 9. HP: 48/54 MP: 9/9
  7735 | D:7      | Found Xeqin's Mass Market.
  7850 | D:7      | Noticed Joseph
  7862 | D:7      | Killed Joseph
  7862 | D:7      | Reached * piety under Qazlal
  7863 | D:7      | Reached skill level 1 in Throwing
  8192 | D:7      | Reached skill level 1 in Stealth
  8255 | D:7      | Noticed a five-headed hydra
  8912 | D:8      | Reached ** piety under Qazlal
  9022 | D:8      | Found a runed translucent gate.
  9022 | D:8      | Found a runed translucent gate.
  9022 | D:8      | Found a runed translucent gate.
  9035 | D:8      | Reached XP level 10. HP: 61/61 MP: 10/10
  9042 | D:8      | Noticed a two-headed ogre
  9043 | D:8      | Noticed a two-headed ogre
  9412 | D:9      | Noticed a two-headed ogre
  9425 | D:9      | Killed a two-headed ogre
  9587 | D:9      | Noticed a two-headed ogre
  9607 | D:9      | Killed a two-headed ogre
  9911 | D:9      | Identified the +5 spear of Buotoiw {elec, Fragile rElec
                  | Dex+4}
 10354 | D:9      | Reached XP level 11. HP: 61/67 MP: 11/11
 10364 | D:9      | Reached skill level 10 in Maces & Flails
 10504 | D:9      | Identified the amulet of Jecw {Faith rN+}
 10538 | D:9      | Found a staircase to the Lair.
 10674 | D:8      | Killed a two-headed ogre
 10675 | D:8      | Reached skill level 10 in Shields
 10779 | D:8      | Noticed Pagrax's ghost (novice TrFi)
 10874 | D:8      | Killed a two-headed ogre
 11296 | D:7      | Killed a five-headed hydra
 11337 | D:7      | Noticed Duvessa
 11337 | D:7      | Noticed Dowan
 11347 | D:7      | Killed Duvessa
 11356 | D:7      | Killed Dowan
 11877 | Lair:1   | Entered Level 1 of the Lair of Beasts
 12158 | Lair:1   | Noticed Gastronok
 12177 | Lair:1   | Killed Gastronok
 12524 | Lair:1   | Reached *** piety under Qazlal
 12525 | Lair:1   | Reached XP level 12. HP: 72/72 MP: 12/12
 12902 | Lair:2   | You fall into a shaft and drop 2 floors!
 13051 | Lair:3   | Noticed a seven-headed hydra
 13069 | Lair:3   | Killed a seven-headed hydra
 13109 | Lair:3   | Noticed a six-headed hydra
 13159 | Lair:3   | Noticed a six-headed hydra
 13162 | Lair:3   | Found a dark tunnel.
 13172 | Volcano  | Entered a volcano
 13602 | Volcano  | Noticed a two-headed ogre
 13602 | Volcano  | Noticed a two-headed ogre
 13610 | Volcano  | Killed a two-headed ogre
 13626 | Volcano  | Killed a two-headed ogre
 13954 | Lair:3   | Killed a six-headed hydra
 13967 | Lair:3   | Reached **** piety under Qazlal
 13978 | Lair:3   | Killed a six-headed hydra
 14150 | Lair:3   | Reached XP level 13. HP: 76/76 MP: 13/13
 15172 | Lair:2   | You fall into a shaft and drop 2 floors!
 15424 | Lair:2   | Reached ***** piety under Qazlal
 15742 | Lair:2   | Found a staircase to the Swamp.
 16278 | Lair:4   | Reached skill level 5 in Throwing
 16415 | Lair:4   | Identified the +1 scale mail "Naij" {Fly rCorr}
 16582 | Lair:4   | Reached skill level 10 in Fighting
 17294 | Lair:4   | Gained mutation: Your large and strong wings let you fly.
                  | [Gargoyle growth]
 17294 | Lair:4   | Reached XP level 14. HP: 90/90 MP: 14/14
 17382 | Lair:4   | Found a hole to the Spider Nest.
 18039 | Lair:4   | Identified a scroll of acquirement
 18040 | Lair:4   | Acquired the +8 eveningstar of Siar {drain, *Slow rPois rC+
                  | Str+9 Dex-3}
 18484 | Lair:5   | Reached skill level 15 in Maces & Flails
 19419 | Lair:6   | Entered Level 6 of the Lair of Beasts
 19953 | Lair:6   | Found a viscous altar of Jiyva.
 19953 | Lair:6   | Found a staircase to the Slime Pits.
 20048 | Lair:6   | Reached ****** piety under Qazlal
 20078 | Lair:6   | Reached XP level 15. HP: 92/96 MP: 15/15
 20538 | Lair:6   | Learned a level 2 spell: Blink
 21371 | D:8      | Killed Pagrax's ghost
 21469 | D:10     | Entered Level 10 of the Dungeon
 21601 | D:10     | Noticed a fire giant
 21602 | D:10     | Found a transporter.
 21604 | D:10     | Found a transporter.
 21606 | D:10     | Found a sacrificial altar of Ru.
 21669 | D:10     | Found a staircase to the Orcish Mines.
 22163 | D:10     | Found an iron altar of Okawaru.
 22307 | D:10     | Noticed Nergalle
 22317 | D:10     | Killed Nergalle
 23252 | D:12     | Found a portal to a secret trove of treasure.
 23396 | D:12     | Noticed Snorg
 23402 | D:12     | Reached skill level 10 in Armour
 23407 | D:12     | Killed Snorg
 23500 | D:12     | Noticed Josephine
 23506 | D:12     | Killed Josephine
 23591 | D:12     | Noticed Fannar
 23598 | D:12     | Killed Fannar
 24358 | D:13     | Reached XP level 16. HP: 88/107 MP: 16/16
 25023 | D:13     | Reached skill level 15 in Fighting
 25367 | D:14     | Reached skill level 1 in Spellcasting
 25367 | D:14     | Reached skill level 1 in Translocations
 26084 | D:14     | Found a gate to the Vaults.
 26130 | D:15     | Entered Level 15 of the Dungeon
 26306 | Orc:1    | Entered Level 1 of the Orcish Mines
 27057 | Orc:2    | Entered Level 2 of the Orcish Mines
 27057 | Orc:2    | Noticed Sonja
 27098 | Orc:2    | Found Kimuc's Distillery.
 27151 | Orc:2    | Killed Sonja
 27395 | Orc:2    | Noticed Rupert
 27412 | Orc:2    | Killed Rupert
 27432 | Orc:2    | Found a staircase to the Elven Halls.
 27775 | Orc:2    | Found a radiant altar of Vehumet.
 28077 | Orc:2    | Paralysed by an orc sorcerer for 5 turns
 28872 | Orc:2    | Reached skill level 1 in Invocations
 28993 | Orc:2    | Reached skill level 5 in Spellcasting
 28993 | Orc:2    | Reached skill level 5 in Translocations
 29156 | Orc:2    | Found Umumin's Armour Emporium.
 29156 | Orc:2    | Found Wyucur's Book Emporium.
 29157 | Orc:2    | Found Liqu's Antique Armour Shoppe.
 29157 | Orc:2    | Found Gutig's Book Emporium.
 29172 | Orc:2    | Bought a pair of crude boots for 313 gold pieces
 29172 | Orc:2    | Identified the +2 pair of boots of the Stone Wall {rPois
                  | Regen+ Int+3 Dex-2} (You bought it in a shop on level 2 of
                  | the Orcish Mines)
 29182 | Orc:2    | Bought a pair of glowing gloves for 247 gold pieces
 29189 | Orc:2    | Bought the +1 cloak of the Other Side {rC+ rCorr Int-2
                  | Dex+5} for 495 gold pieces
 29313 | Orc:2    | Bought a potion of curing for 33 gold pieces
 29313 | Orc:2    | Bought a potion of heal wounds for 55 gold pieces
 29313 | Orc:2    | Bought a potion of haste for 110 gold pieces
 29313 | Orc:2    | Bought a potion of heal wounds for 55 gold pieces
 29313 | Orc:2    | Bought a potion of might for 44 gold pieces
 29313 | Orc:2    | Bought a potion of might for 44 gold pieces
 29349 | Orc:1    | Reached skill level 15 in Shields
 29436 | Orc:1    | Found a radiant altar of Vehumet.
 29756 | D:15     | Reached XP level 17. HP: 113/113 MP: 24/24
 29766 | D:15     | Reached skill level 5 in Invocations
 30211 | D:15     | Acquired a manual of Invocations
 30225 | D:15     | Found a staircase to the Depths.
 30744 | Swamp:1  | Entered Level 1 of the Swamp
 30989 | Swamp:1  | Found a runed translucent door.
 31119 | Swamp:1  | Noticed Mandevil's ghost (adept DsBe)
 31142 | Swamp:1  | Killed Mandevil's ghost
 31419 | Swamp:2  | Reached skill level 10 in Invocations
 32227 | Swamp:3  | Identified the amulet of Zobus {Reflect Fragile Str-2 Int+2
                  | Dex+6 SH+5}
 32260 | Swamp:3  | Noticed a tentacled monstrosity
 32335 | Swamp:3  | Killed a tentacled monstrosity
 32740 | Swamp:4  | Entered Level 4 of the Swamp
 32850 | Swamp:4  | Noticed Bai Suzhen
 32869 | Swamp:4  | Killed Bai Suzhen
 32985 | Swamp:3  | Reached XP level 18. HP: 121/121 MP: 28/28
 33147 | Swamp:4  | Reached skill level 15 in Invocations
 33439 | Swamp:4  | Got a decaying rune of Zot
 33717 | Spider:1 | Entered Level 1 of the Spider Nest
 34196 | Spider:2 | Noticed Louise
 34200 | Spider:2 | Cast into level 3 of the Abyss (Louise)
 34343 | Abyss:3  | Noticed a Hell Sentinel
 34380 | Abyss:3  | Killed a Hell Sentinel
 34414 | Abyss:3  | Gained mutation: You are partially covered in iridescent
                  | scales. (AC +2) [a cacodemon]
 34415 | Abyss:3  | Gained mutation: Your spells are a little easier to cast,
                  | but a little less powerful. [a cacodemon]
 34494 | Abyss:3  | Noticed a bone dragon
 34498 | Spider:2 | Escaped the Abyss
 34498 | Spider:2 | Noticed Nikola
 34584 | Spider:1 | Killed Nikola
 34606 | Spider:1 | Killed Louise
 34877 | Spider:2 | Reached XP level 19. HP: 133/133 MP: 30/30
 36551 | Spider:4 | Entered Level 4 of the Spider Nest
 36611 | Spider:4 | Noticed Arachne
 36761 | Spider:4 | Killed Arachne
 37257 | Spider:4 | Noticed Roxanne
 37274 | Spider:4 | Killed Roxanne
 37696 | Spider:4 | Got a gossamer rune of Zot
 38211 | Vaults:1 | Entered Level 1 of the Vaults
 38439 | Vaults:1 | Reached XP level 20. HP: 140/140 MP: 32/32
 39450 | Vaults:2 | Noticed Margery
 39490 | Vaults:2 | Killed Margery
 39639 | Vaults:2 | Reached skill level 10 in Throwing
 39694 | Vaults:2 | Found Caxamos's Book Shoppe.
 39695 | Vaults:2 | Found Bissih's Magic Scroll Shop.
 39706 | Vaults:2 | Bought 3 scrolls of fear for 115 gold pieces
 39706 | Vaults:2 | Bought a scroll of blinking for 82 gold pieces
 39706 | Vaults:2 | Bought a scroll of teleportation for 33 gold pieces
 39706 | Vaults:2 | Bought a scroll of teleportation for 33 gold pieces
 39706 | Vaults:2 | Bought a scroll of fog for 22 gold pieces
 39743 | Vaults:2 | Found Qaunaf's Weapon Shop.
 39959 | Vaults:2 | Found Xeruima's Jewellery Shoppe.
 39967 | Vaults:2 | Bought the ring of Plog {rF+ Str+6 Dex+3} for 866 gold
                  | pieces
 40525 | Vaults:3 | Reached XP level 21. HP: 77/146 MP: 33/33
 40741 | Vaults:3 | Found a staircase to the Crypt.
 43273 | Vaults:5 | Entered Level 5 of the Vaults
 43281 | Vaults:5 | Reached XP level 22. HP: 105/152 MP: 28/35
 43360 | Vaults:5 | Noticed a dread lich
 43394 | Vaults:5 | Noticed an ancient lich
 43544 | Vaults:5 | Killed an ancient lich
 43553 | Vaults:5 | Killed a dread lich
 43554 | Vaults:5 | HP: 5/152 [spore (4)]
 44673 | Vaults:5 | Noticed an ancient lich
 44681 | Vaults:5 | Killed an ancient lich
 44682 | Vaults:5 | Reached XP level 23. HP: 156/156 MP: 37/37
 44738 | Vaults:5 | Noticed Xtahua
 44753 | Vaults:5 | Killed Xtahua
 44821 | Vaults:5 | Identified the +2 scale mail of Shrieking Birdsong {Slay+3}
 44821 | Vaults:5 | Noticed Mara
 44833 | Vaults:5 | Noticed Delamore's illusion
 44893 | Vaults:5 | Killed Mara
 45282 | Vaults:5 | Found Mant's Armour Shop.
 45462 | Vaults:5 | Identified the +1 pair of gloves of the Mantidfly {rF+
                  | Regen+}
 45524 | Vaults:5 | Got a silver rune of Zot
 45531 | Vaults:5 | Identified the amulet "Erotobed" {Spirit *Corrode Will+
                  | Dex+7 Stlth+}
 45707 | Vaults:5 | Identified the Volume of Supportive Sinister Secrets
 46123 | Depths:1 | Entered Level 1 of the Depths
 46127 | Depths:1 | Found a radiant altar of Vehumet.
 46271 | Depths:1 | Identified the +1 kite shield of Tiur {+Blink Will+ Str+4
                  | Int+3}
 46330 | Depths:1 | Noticed a juggernaut
 46341 | Depths:1 | Identified the ring "Wyupuss" {rN+++ Will- Str+5 Dex+6
                  | Slay-6}
 46393 | Depths:1 | Killed a juggernaut
 46394 | Depths:1 | Reached XP level 24. HP: 103/163 MP: 34/37
 46491 | Depths:1 | Found a gateway to Hell.
 46977 | Depths:1 | Acquired 582 gold pieces
 46979 | Depths:1 | Acquired 679 gold pieces
 47173 | Depths:1 | Found a glowing silver altar of Zin.
 47174 | Depths:1 | Acquired the ring of Vemi {*Slow rElec Will++ rCorr Dex+6}
 48362 | Depths:2 | Identified the +6 war axe of Taxation {vamp, rC+ Int+3
                  | Dex+2 Stlth-}
 48534 | Depths:3 | Paralysed by a floating eye for 4 turns
 48536 | Depths:3 | Noticed Sojobo
 48550 | Depths:3 | Noticed the Enchantress
 48552 | Depths:3 | Killed the Enchantress
 48733 | Depths:3 | Paralysed by a floating eye for 4 turns
 48794 | Depths:3 | Reached XP level 25. HP: 168/168 MP: 33/37
 48799 | Depths:3 | Killed Sojobo
 49041 | Depths:3 | Found a gateway to a ziggurat.
 49308 | Depths:3 | Found a one-way gate leading to the halls of Pandemonium.
 49528 | Depths:3 | Identified the +1 leather armour of Decompression {rCorr
                  | Dex+4 SInv}
 49713 | Depths:4 | Found a one-way gate to the infinite horrors of the Abyss.
 49721 | Depths:4 | Found a shimmering blue altar of Sif Muna.
 49721 | Depths:4 | Found a white marble altar of Elyvilon.
 49722 | Depths:4 | Found a basalt altar of Yredelemnul.
 49760 | Depths:4 | Noticed Boris
 49774 | Depths:4 | Killed Boris
 49842 | Depths:4 | Paralysed by a floating eye for 4 turns
 50061 | Depths:4 | Noticed a juggernaut
 50082 | Depths:4 | Killed a juggernaut
 50216 | Depths:4 | Noticed a juggernaut
 50224 | Depths:4 | Killed a juggernaut
 50357 | Depths:4 | Noticed an ancient lich
 50372 | Depths:4 | Killed an ancient lich
 50377 | Depths:4 | Reached XP level 26. HP: 173/174 MP: 37/37
 50687 | Depths:4 | Acquired a +2 eveningstar of freezing
 50955 | Depths:5 | Entered Level 5 of the Depths
 50963 | Depths:5 | Found a runed translucent gate.
 50964 | Depths:5 | Found a runed translucent gate.
 50964 | Depths:5 | Noticed Comu's ghost (veteran GnWn)
 50965 | Depths:5 | Found a runed translucent gate.
 51163 | Depths:5 | Identified the +6 quarterstaff of an ossuary {vamp, rPois
                  | rC+ Dex+4}
 51190 | Depths:5 | Reached skill level 15 in Throwing
 51227 | Depths:5 | Found a gate to the Realm of Zot.
 51243 | Depths:5 | Reached skill level 15 in Armour
 52055 | Depths:5 | Killed Comu's ghost
 52069 | Depths:5 | Identified the ring "Voseloitam" {Fire Int+6 Dex+3}
 52361 | D:12     | You paid a toll of 20 potions of curing to enter a treasure
                  | trove
 52362 | Trove    | Entered a treasure trove
 52374 | Trove    | Identified the ring of Miracles {Contam *Corrode rC++ AC+4
                  | Int+3}
 52377 | Trove    | Identified the ring "Poaluunt" {AC+4 Str+2 Dex+3 Stlth+}
 52384 | Trove    | Identified the ring of Curiosity {rElec rF++ Str+6 Slay+6
                  | Stlth-}
 52398 | Trove    | Identified the +8 mace of Fortitude {vorpal, rPois rC+
                  | Stlth+}
 52520 | Elf:1    | Entered Level 1 of the Elven Halls
 53488 | Elf:1    | Found a runed translucent gate.
 53488 | Elf:1    | Found a runed translucent gate.
 53488 | Elf:1    | Found a runed translucent gate.
 53488 | Elf:1    | Found a runed translucent gate.
 53488 | Elf:1    | Found a runed translucent gate.
 53489 | Elf:1    | Found a runed translucent gate.
 53743 | Elf:1    | Reached XP level 27. HP: 179/179 MP: 38/38
 54040 | Elf:2    | Found Isu Yrgh's Book Shoppe.
 54048 | Elf:2    | Bought a manual of Fighting for 2097 gold pieces
 54128 | Elf:2    | Learned a level 5 spell: Borgnjor's Vile Clutch
 54363 | Elf:2    | Found a huge runed translucent gate.
 54363 | Elf:2    | Found a huge runed translucent gate.
 54363 | Elf:2    | Found a huge runed translucent gate.
 54363 | Elf:2    | Found a huge runed translucent gate.
 54364 | Elf:2    | Found a huge runed translucent gate.
 54877 | Elf:3    | Entered Level 3 of the Elven Halls
 54907 | Elf:3    | Found Raylikh's Antique Armour Emporium.
 54982 | Elf:3    | Found Iptinwa's Book Boutique.
 54986 | Elf:3    | Found Virek's Antique Armour Emporium.
 55119 | Elf:3    | Found Paatuav's Antique Armour Shop.
 55131 | Elf:3    | Bought a shiny helmet for 210 gold pieces
 55157 | Elf:3    | Found Dihiguugo's Desiderata Depot.
 55271 | Elf:3    | Found Abaq's Assorted Antiques.
 55287 | Elf:3    | Bought a scroll of teleportation for 72 gold pieces
 55287 | Elf:3    | Bought a scroll of teleportation for 72 gold pieces
 55287 | Elf:3    | Bought a twitching pewter ring for 120 gold pieces
 55287 | Elf:3    | Identified the ring "Mosy" {Wiz Will+} (You bought it in a
                  | shop on level 3 of the Elven Halls)
 55287 | Elf:3    | Bought a scroll of teleportation for 72 gold pieces
 55298 | Elf:3    | Noticed Aizul
 55303 | Elf:3    | Killed Aizul
 55363 | Elf:3    | Found a shimmering blue altar of Sif Muna.
 55390 | Elf:3    | Identified the +5 great sword of Dung {flame, *Rage rPois
                  | rC+ Str+3}
 55554 | Elf:3    | Identified the +4 great sword "Ziel" {vorpal, Int+3}
 55596 | Elf:3    | Identified the +6 scimitar of the Shouting Genius {vorpal,
                  | Str+7}
 55613 | Elf:3    | Identified the +1 plate armour of Xekot {Dex+8}
 55641 | Elf:3    | Identified the +5 ring mail of the Well-Known Quests
                  | {Dex+6}
 55645 | Elf:3    | Identified the Compendium of Quantum Envenoming
 55680 | Elf:3    | Identified the +6 scimitar "Sarcophage" {vorpal, rCorr
                  | Str+4 Int-2}
 55905 | Elf:3    | Identified the quicksilver dragon scales "Biw Nipp" {rC++
                  | Will+ MP-9}
 56297 | Zig:1    | Entered Level 1 of a ziggurat
 56310 | Zig:2    | Entered Level 2 of a ziggurat
 56310 | Zig:2    | Found the +8 arc blade {discharge, rElec}
 56339 | Zig:3    | Entered Level 3 of a ziggurat
 56371 | Zig:4    | Entered Level 4 of a ziggurat
 56420 | Zig:5    | Entered Level 5 of a ziggurat
 56438 | Zig:5    | Identified the ring of Immorality {Wiz rPois Dex+4}
 56463 | Zig:6    | Entered Level 6 of a ziggurat
 56463 | Zig:6    | Noticed a royal mummy
 56469 | Zig:6    | Noticed a royal mummy
 56471 | Zig:6    | Killed a royal mummy
 56471 | Zig:6    | Killed a royal mummy
 56480 | Zig:6    | Identified the Catalogue of Cold
 56599 | Zig:7    | Entered Level 7 of a ziggurat
 56649 | Zig:7    | Identified the +2 chain mail of Generosity {rC- Slay+3
                  | Stlth+}
 56655 | Zig:7    | Acquired a manual of Maces & Flails
 56659 | Zig:8    | Entered Level 8 of a ziggurat
 56855 | Zig:9    | Entered Level 9 of a ziggurat
 56951 | Zig:9    | Learned a level 3 spell: Lesser Beckoning
 56954 | Zig:10   | Entered Level 10 of a ziggurat
 57227 | Zig:11   | Entered Level 11 of a ziggurat
 57243 | Zig:11   | Noticed an ancient lich
 57258 | Zig:11   | Killed an ancient lich
 57259 | Zig:11   | Reached skill level 10 in Spellcasting
 57324 | Zig:11   | Identified the +1 ring mail "Niunegh" {Int+2}
 57345 | Zig:12   | Entered Level 12 of a ziggurat
 57519 | Zig:12   | Identified the ring "Hypumif" {Slay+4 Stlth+}
 57575 | Zig:13   | Entered Level 13 of a ziggurat
 57748 | Zig:13   | Identified the Catalogue of Creative Clay
 57750 | Zig:13   | Identified the Grimoire of Feathery Stones
 57819 | Zig:14   | Entered Level 14 of a ziggurat
 58038 | Zig:15   | Entered Level 15 of a ziggurat
 58174 | Zig:15   | Reached skill level 10 in Translocations
 58216 | Zig:15   | Noticed a dread lich
 58342 | Zig:15   | Reached skill level 5 in Necromancy
 58345 | Zig:15   | Found the +4 Cigotuvi's embrace {rMiasma Drain rN+}
 58356 | Zig:15   | Paralysed by something for 7 turns
 58371 | Zig:15   | Killed a dread lich
 58442 | Zig:15   | Identified the amulet of Kischepe {Spirit rPois Regen+
                  | Slay-3 Stlth+}
 58450 | Zig:15   | Identified the ring "Saafirio" {Fire rCorr}
 58458 | Zig:15   | Identified the ring "Meymaex" {*Corrode Will+ Slay+4
                  | Stlth+}
 58464 | Zig:15   | Identified the amulet of Moaluru {Spirit Drain rC+ Regen+
                  | SInv}
 58540 | Zig:16   | Entered Level 16 of a ziggurat
 58738 | Zig:16   | Identified the ring "Mebrysis" {rF++ SInv}
 58757 | Zig:16   | Identified the amulet of Soicvapt {Acrobat rC+}
 58793 | Zig:16   | Identified the +7 morningstar of Wounding {holy, *Slow SInv
                  | Stlth+}
 58802 | Zig:16   | Identified the +1 pair of boots of Weirdness {rPois rF+
                  | Will+ Dex+3}
 58817 | Zig:16   | Identified the +7 flail "Petehauk" {pain, Will+++ Int+3
                  | Dex-4}
 58828 | Zig:17   | Entered Level 17 of a ziggurat
 58866 | Zig:17   | Noticed an ancient lich
 58876 | Zig:17   | Reached skill level 10 in Necromancy
 58884 | Zig:17   | Killed an ancient lich
 58976 | Zig:17   | Found the +7 Spriggan's Knife {stab, EV+4 Stlth+}
 59009 | Zig:17   | Identified Tuurit's Almanac of Gliding Changing
 59083 | Zig:17   | Identified the +1 leather armour of Bunoazom {Str+3}
 59092 | Zig:18   | Entered Level 18 of a ziggurat
 59145 | Zig:18   | Paralysed by accursed screaming for 2 turns
 59264 | Zig:18   | Identified the Grimoire of Evil Cold
 59266 | Zig:18   | Identified the ring of Dunneneth {Ice rElec rPois Dex-2}
 59268 | Zig:18   | Identified the +4 spear of Zivo Yni {vamp, rF- rC+ rCorr}
 59319 | Zig:18   | Identified the +1 plate armour of Pandemonium {rC+ Will+
                  | Regen+}
 59326 | Zig:19   | Entered Level 19 of a ziggurat
 59553 | Zig:19   | Identified the ring "Pets" {rN+ SInv}
 59812 | Zig:20   | Entered Level 20 of a ziggurat
 60242 | Zig:20   | Noticed a royal mummy
 60242 | Zig:20   | Noticed a royal mummy
 60250 | Zig:20   | Noticed a royal mummy
 60253 | Zig:20   | Noticed a royal mummy
 60254 | Zig:20   | Noticed a royal mummy
 60255 | Zig:20   | Killed a royal mummy
 60255 | Zig:20   | Killed a royal mummy
 60255 | Zig:20   | Killed a royal mummy
 60255 | Zig:20   | Killed a royal mummy
 60255 | Zig:20   | Killed a royal mummy
 60255 | Zig:20   | Killed a royal mummy
 60266 | Zig:20   | Noticed a royal mummy
 60270 | Zig:20   | Killed a royal mummy
 60271 | Zig:20   | Noticed a royal mummy
 60282 | Zig:20   | Noticed a royal mummy
 60287 | Zig:20   | Killed a royal mummy
 60287 | Zig:20   | Killed a royal mummy
 60417 | Zig:20   | Found the amulet of Vitality {Regen+ HP+15}
 60422 | Zig:20   | Identified the ring of Exuidd {Drain rElec rF+ Str+3 SInv}
 60429 | Zig:20   | Identified the +0 leather armour of Glamorous Birdsong
                  | {rN+}
 60432 | Zig:20   | Identified the +2 short sword of the Owl {vamp, *Slow rPois
                  | Stlth+}
 60433 | Zig:20   | Identified the ring of Jaarenot {rElec rPois rN+++ Str+6
                  | Dex-4}
 60502 | Zig:20   | Identified the +0 pair of boots of the Monkey's Uncle
                  | {Dex+6}
 60512 | Zig:20   | Identified the +11 scimitar of Qubotyr {vorpal, rC+}
 60519 | Zig:20   | Identified the +9 eveningstar of a treasure trove
                  | {antimagic, rN+ Str-5 Int+5 Dex+4}
 60530 | Zig:21   | Entered Level 21 of a ziggurat
 60780 | Zig:21   | Found the +8 whip "Snakebite" {curare, rPois}
 60857 | Zig:21   | Found the +7 Singing Sword {vorpal, sonic wave}
 60861 | Zig:21   | Identified the amulet "Caidghia" {*Slow rElec rC+ rN+
                  | Regen+}
 60863 | Zig:21   | Identified Lucluph's Incunabulum of Lethal Translocation
 60873 | Zig:21   | Identified the amulet "Fup Voc" {Reflect rC+ SH+5 SInv}
 60882 | Zig:21   | Identified the ring of Faimeori {Fire *Slow rElec rN+
                  | Stlth+}
 61021 | Zig:21   | Identified the +0 morningstar of War {vorpal, Int+4}
 61042 | Zig:22   | Entered Level 22 of a ziggurat
 61454 | Zig:22   | Identified the Grimoire of Cankerous Flight
 61456 | Zig:22   | Identified the +6 battleaxe "Deneulif" {protect, *Rage
                  | Str+8 Int+4 Dex+3}
 61491 | Zig:23   | Entered Level 23 of a ziggurat
 61521 | Zig:23   | Noticed a royal mummy
 61531 | Zig:23   | Killed a royal mummy
 61534 | Zig:23   | Noticed a royal mummy
 61541 | Zig:23   | Killed a royal mummy
 61557 | Zig:23   | Noticed a royal mummy
 61558 | Zig:23   | Noticed a royal mummy
 61561 | Zig:23   | Noticed a royal mummy
 61565 | Zig:23   | Killed a royal mummy
 61566 | Zig:23   | Killed a royal mummy
 61566 | Zig:23   | Noticed a royal mummy
 61569 | Zig:23   | Killed a royal mummy
 61569 | Zig:23   | HP: 5/192 [royal mummy/divine providence (8)]
 61570 | Zig:23   | Noticed a royal mummy
 61571 | Zig:23   | Killed a royal mummy
 61571 | Zig:23   | Noticed a royal mummy
 61572 | Zig:23   | Killed a royal mummy
 61573 | Zig:23   | Noticed a royal mummy
 61574 | Zig:23   | Noticed a royal mummy
 61582 | Zig:23   | Killed by a mummy priest's death curse

Illustrated notes

Levels and vault maps discovered:
D:1:      shiori_arrival_elements, layout_basic,
          shapermc_ecumenical_altar_mp_urbaneastern
D:2:      layout_rooms, uniq_jessica
D:3:      layout_loops_cross, serial_shops, nicolae_shop_waterfront,
          minmay_surrounded
D:4:      layout_loops_ring, general_overflow_altar, led_xom_imps,
          ebering_ghost_sewer_d
D:5:      minmay_inner_zag, layout_rooms, nicolae_overflow_hidden_temple,
          minmay_temple_entry_large_hall
D:6:      layout_basic, kennysheep_little_box, gup_sewer_entry_glass,
          st_stairs_4, uniq_edmund
D:7:      layout_basic, minmay_shop_mass, uniq_duvessa, uniq_joseph
D:8:      layout_cave_pools, serial_bayou, serial_bayou_pond_d,
          serial_bayou_pond_b, serial_bayou_pond_d, serial_bayou_shore_b,
          serial_bayou_pond_e, gammafunk_ghost_spectres
D:9:      layout_layer_cave, erik_lair_dragon
D:10:     layout_cave_pods, marbit_many_paths, gammafunk_temple_overflow_arena,
          orc_0_dummy, minivault_25_ag, uniq_nergalle
D:11:     layout_roguey
D:12:     layout_loops_ring, enter_trove_5, uniq_fannar, uniq_snorg,
          uniq_josephine
D:13:     layout_rooms, hangedman_parallel_progression
D:14:     layout_big_octagon, david_vaults_5
D:15:     hangedman_depths_entry_civil_slaughter, layout_long_grid, drop_trap
Temple:   eino_temple_scatter_basement
Lair:1:   layout_regular_city, grunt_megastairs_1, uniq_gastronok
Lair:2:   layout_regular_city, nicolae_swamp_entry_splash_gauntlet
Lair:3:   layout_regular_city, nicolae_volcano_entry_batcave,
          beast_lair_carwin_7
Lair:4:   layout_cellular_growth, spider_nest_entry_rubble,
          minmay_shattered_shrine, infiniplex_staircase_pool_2,
          lemuel_fruit_tree
Lair:5:   layout_regular_city, infiniplex_staircase_pool
Lair:6:   minmay_lair_end_enchanted_forest, layout_big_grid, slime_altar_1
Swamp:1:  layout_basic_swamp, ebering_ghost_reflecting_pool,
          nicolae_swamp_little_swirl
Swamp:2:  layout_falls_marsh, hangedman_swamp_ruin_wall,
          nicolae_swamp_small_spring
Swamp:3:  layout_falls_marsh, serial_swamp_ruin, evilmike_swamp_ruin_rubble_1,
          evilmike_swamp_ruin_house_6
Swamp:4:  swamp, layout_basic_swamp, uniq_bai_suzhen
Spider:1: layout_spider_delve
Spider:2: layout_chambers, uniq_nikola, uniq_louise
Spider:3: layout_spider_delve, nicolae_orb_stairs
Spider:4: grunt_spider_rune_island, uniq_arachne, uniq_roxanne
Orc:1:    layout_caves, basic_altar
Orc:2:    st_orc_pillars, layout_caves, serial_shops, nicolae_shop_stone,
          basic_altar, uniq_sonja, uniq_rupert
Elf:1:    eino_elf_arrival_sip, layout_loops_corners, orc_legates,
          grunt_ministairs_11, sword_in_stone
Elf:2:    layout_loops_corners, serial_shops, nicolae_shop_crystal, hex_large
Elf:3:    minmay_elf_hall_x, layout_geoelf_diagonals, basic_altar, serial_shops,
          shop, nicolae_shop_temple_entry_statues_fountains, shop, shop, shop,
          nicolae_alphabet_shops, uniq_aizul
Vaults:1: nicolae_vaults_network_s, vaults_room_fours, hangedman_vaults_slice,
          v_alt_pattern_5, vaults_room_fancy_cross, hangedman_vaults_nails,
          nicolae_vaults_puzzle_piece, st_diamondy, v_misc_8,
          ontoclasm_vaults_idyll, layout_vaults_ring
Vaults:2: v_misc_29, vaults_mumra_hexcomb, nicolae_vaults_little_ls,
          v_pattern_1, vaults_mumra_minichess_inversion, dpeg_vaults_waves,
          vaults_room_large_hall, vaults_room_corners, hangedman_vaults_unwind,
          grunt_vaults_hallway_short, v_misc_17,
          nicolae_vaults_little_squares_4, layout_vaults_maze_snakey,
          serial_shops, nicolae_shop_waterfront, nicolae_shop_trees, shop, shop,
          uniq_margery
Vaults:3: nicolae_vaults_circle_grid_b, minmay_crypt_entry_simple_corners,
          nicolae_vaults_specimen_jars, v_misc_26, dpeg_vaults_monster_box,
          nicolae_vaults_sealed_display, layout_vaults_omnigrid
Vaults:4: v_misc_27, ontoclasm_vaults_loading_screen, v_rooms_1,
          nicolae_vaults_rhombus_5, ontoclasm_vaults_gateway,
          hangedman_vaults_restitches, v_misc_4, v_rooms_4,
          layout_vaults_chaotic_city
Vaults:5: serial_shops, uniq_xtahua, uniq_mara
Depths:1: minmay_central_circle, layout_cave_pools, pf_coc_iceberg,
          nicolae_vehumet_radiance, zin_treasury, serial_bayou_shore_b
Depths:2: minmay_octagon_keep, layout_gridlike, grunt_metal_band,
          grunt_megastairs_4
Depths:3: grunt_forest_end_winery, layout_cave_pools, enter_ziggurat_b,
          hell_entry, grunt_pan_entry_zigzag, amcnicky_mini_pool_small,
          uniq_sojobo
Depths:4: hangedman_slaughterboxes, pan_entry, abyss_entry, hell_entry,
          uniq_boris
Depths:5: grunt_zot_entry_alcove, layout_cave_shapes, hell_entry,
          minmay_crystal_room, biasface_ghost_demon_polymorph, minivault_14,
          lemuel_flamethrower_2, serial_bayou_shore_b, uniq_jory
Zig:23

Skill      XL: |  1  2  3  4  5  6  7  8  9 10 11 12 13 14 15 16 17 18 19 20 21 22 23 24 25 26 27 |
---------------+----------------------------------------------------------------------------------+-----
Armour         | 4 5 6 7 10 11 13 15 18 | 18.1
Shields        | 4 5 6 8 9 12 13 14 15 16 17 18 20 23 25 | 25.0
Maces & Flails | 3 4 5 6 8 9 11 13 14 16 17 | 17.0
Fighting       | 4 5 6 7 11 14 15 16 19 20 25 | 25.0
Dodging        | 1 2 3 4 |  4.0
Throwing       | 1 2 6 8 10 12 14 15 20 | 20.0
Stealth        | 1 |  1.4
Spellcasting   | 5 14 | 14.4
Translocations | 5 10 | 10.0
Invocations    | 4 14 15 16 17 18 20 21 22 25 | 25.0
Necromancy     | 10 | 10.0
Unarmed Combat | |  0.1

Action                   |  1- 3 |  4- 6 |  7- 9 | 10-12 | 13-15 | 16-18 | 19-21 | 22-24 | 25-27 || total
-------------------------+-------+-------+-------+-------+-------+-------+-------+-------+-------++-------
Melee: Flail             |   147 |   216 |   321 |   577 |   421 |       |       |       |       ||  1682
       Unarmed           |       |    11 |       |       |       |       |       |       |       ||    11
       Mace              |       |       |   240 |       |       |       |       |       |       ||   240
       Eveningstar       |       |       |       |       |   670 |  1350 |  1109 |  1040 |  2299 ||  6468
Throw: Dart              |       |       |    18 |    32 |     1 |       |       |       |     2 ||    53
       Throwing net      |       |       |       |     2 |       |     1 |       |       |       ||     3
       Javelin           |       |       |       |       |       |       |       |     6 |   116 ||   122
 Cast: Blink             |       |       |       |       |       |     1 |     1 |       |     3 ||     5
       Lesser Beckoning  |       |       |       |       |       |       |       |       |     9 ||     9
Invok: Upheaval          |       |       |       |     2 |       |       |       |       |       ||     2
       Disaster Area     |       |       |       |       |       |     7 |    11 |    10 |    25 ||    53
Evoke: Wand              |       |       |       |     1 |     2 |       |     1 |     1 |     4 ||     9
       Condenser vane    |       |       |       |       |       |       |       |     2 |       ||     2
       Phantom mirror    |       |       |       |       |       |       |       |     1 |       ||     1
  Use: Scroll            |       |       |     6 |     8 |    10 |    10 |     3 |    12 |    24 ||    73
       Potion            |       |       |       |     4 |       |       |       |     3 |    27 ||    34
 Stab: Petrified         |       |       |       |       |     2 |       |       |       |       ||     2
       Held in net/web   |       |       |       |       |       |       |     2 |       |       ||     2
       Distracted        |       |       |       |       |       |       |       |     1 |     1 ||     2
Armor: Scale mail        |   112 |    43 |       |       |       |       |       |       |       ||   155
       Fire dragon scale |       |    94 |   368 |   304 |   248 |   472 |       |       |       ||  1486
       Skin              |       |     2 |       |    13 |       |       |       |       |       ||    15
       Plate armour      |       |       |       |       |       |    85 |   602 |   374 |   146 ||  1207
       Gold dragon scale |       |       |       |       |       |       |       |       |  1126 ||  1126
Dodge: Dodged            |    70 |    57 |   204 |   167 |   150 |   355 |   287 |   172 |   354 ||  1816
       Repelled          |       |       |       |       |     2 |     9 |     2 |     7 |    21 ||    41
Block: Kite shield       |   120 |   113 |   372 |   537 |   885 |  1653 |  1505 |  1028 |       ||  6213
       Reflection        |       |       |       |       |       |     9 |    78 |    38 |   125 ||   250
       Tower shield      |       |       |       |       |       |       |       |   223 |  4121 ||  4344

Table legend: (Time is in decaauts)
 A = Elapsed time spent in this place.
 B = Non-inter-level travel time spent in this place.
 C = Inter-level travel time spent in this place.
 D = Time resting spent in this place.
 E = Time spent auto-exploring this place.
 F = Levels seen in this place.
 G = Mean time per level.
                   A        B        C        D        E       F      G
               +--------+--------+--------+--------+--------+-----+--------+
         Total |  60182 |  55094 |   5088 |   8275 |  32492 |  72 |  835.9 |
       Dungeon |  18503 |  16417 |   2086 |   2917 |   9978 |  15 | 1233.5 |
        Temple |    203 |    178 |     25 |      0 |    176 |   1 |  203.0 |
          Lair |   8839 |   8187 |    652 |   1515 |   5082 |   6 | 1473.2 |
         Swamp |   2752 |   2496 |    256 |    266 |   1671 |   4 |  688.0 |
   Spider Nest |   3717 |   3502 |    215 |    523 |   2115 |   4 |  929.2 |
  Orcish Mines |   2826 |   2558 |    268 |    613 |   1379 |   2 | 1413.0 |
   Elven Halls |   3405 |   3028 |    377 |     45 |   2098 |   3 | 1135.0 |
        Vaults |   7553 |   6728 |    825 |    677 |   4328 |   5 | 1510.6 |
        Depths |   5767 |   5384 |    383 |     58 |   3491 |   5 | 1153.4 |
         Abyss |    258 |    258 |      0 |      0 |      5 |   1 |  258.0 |
      Ziggurat |   5017 |   5017 |      0 |   1248 |   1656 |  23 |  218.1 |
         Trove |     44 |     44 |      0 |      0 |      0 |   1 |   44.0 |
         Sewer |    631 |    631 |      0 |     82 |    266 |   1 |  631.0 |
       Volcano |    661 |    661 |      0 |    329 |    245 |   1 |  661.0 |
               +--------+--------+--------+--------+--------+-----+--------+

Top non-repeatable levels by time:
Vaults:4: 2035 daAuts
  Lair:4: 2014 daAuts
     D:9: 1954 daAuts
   Orc:2: 1911 daAuts
     D:4: 1819 daAuts
Vaults:5: 1660 daAuts
    D:10: 1621 daAuts
  Lair:5: 1603 daAuts
Vaults:3: 1580 daAuts
  Lair:2: 1571 daAuts
     D:8: 1494 daAuts
Spider:2: 1456 daAuts
  Lair:6: 1364 daAuts
Depths:4: 1336 daAuts
     D:1: 1274 daAuts
